 Dungeon Crawl Stone Soup version 0.27-a0-40-g5f2be0e231 (webtiles) character file.

Game seed: 13906732053568764237

94 polelong the Digger (level 4, -3/33 HPs)
             Began as a Draconian Earth Elementalist on Jan 5, 2021.
             Slain by an ice beast (6 damage)
             ... on level 3 of the Dungeon.
             The game lasted 00:11:57 (2375 turns).

polelong the Digger (Draconian Earth Elementalist)  Turns: 2375, Time: 00:11:57

Health: -3/33      AC:  5    Str: 10    XL:     4   Next: 38%
Magic:  7/8        EV: 12    Int: 17    God:
Gold:   78         SH:  0    Dex: 11    Spells: 6/9 levels left

rFire    . . .     SeeInvis .   (no weapon)
rCold    . . .     Faith    .   (no shield)
rNeg     . . .     Spirit   .   (armour unavailable)
rPois    .         Reflect  .   (helmet restricted)
rElec    .         Harm     .   d - scarf {repulsion}
rCorr    .         Rampage  .   (no gloves)
Will     .....                  (no boots)
Stlth    ++........             (no amulet)
HPRegen  0.11/turn              (no ring)
MPRegen  0.11/turn              (no ring)

@: slowed, repel missiles, very slow
A: unfitting armour, cold-blooded, AC +5
a: no special abilities


You were on level 3 of the Dungeon.
You visited 1 branch of the dungeon, and saw 3 of its levels.

You collected 78 gold pieces.

Inventory:

Missiles
 m - 11 boomerangs (quivered)
Armour
 d - a scarf of repulsion (worn)
Scrolls
 a - 3 scrolls of random uselessness
 c - 4 scrolls of identify
 g - a scroll of amnesia {unknown}
 i - a scroll of enchant armour {unknown}
 k - 2 scrolls of remove curse {unknown}
 n - a scroll of noise {unknown}
 o - a scroll of fear {unknown}
Potions
 e - a potion of lignification {unknown}
 f - a potion of mutation {unknown}
 h - a potion of heal wounds {unknown}
 j - a potion of berserk rage {unknown}
 l - a potion of degeneration {unknown}


   Skills:
 + Level 0.3 Throwing
 + Level 2.5 Dodging
 + Level 1.9 Stealth
 + Level 3.0 Spellcasting
 + Level 1.0 Transmutations
 + Level 3.8 Earth Magic


You had 6 spell levels left.
You knew the following spells:

 Your Spells              Type           Power        Failure   Level
a - Sandblast             Erth           30%          3%          1
b - Passwall              Tmut/Erth      8%           10%         2

Your spell library contained the following spells:

 Spells                   Type           Power        Failure   Level
 Stone Arrow              Conj/Erth      18%          24%         3
 Petrify                  Tmut/Erth      10%          54%         4
 Lee's Rapid Deconstruct  Erth           7%           69%         5


Dungeon Overview and Level Annotations

Branches:
Dungeon (3/15)

Altars:


Innate Abilities, Weirdness & Mutations

Your plain brown scales are hard. (AC +5)
You cannot fit into any form of body armour.
You are cold-blooded and may be slowed by cold attacks.


Message History

Casting: Sandblast (safe; 3% risk of failure)
Confirm with . or Enter, or press ? or * to list all spells.
You don't have any stones to cast with.
Unknown command.
Unknown command.
Unknown command.
Throw: 11 boomerangs
Press: ? - help, Q - select action, (/) - cycle Shift-Dir - straight line, f/p - ice beast
Aim: an ice beast (moderately wounded)
You throw a boomerang.
The boomerang closely misses the ice beast.
The boomerang hits the rat.
The rat is heavily wounded.
The ice beast hits you. The ice beast freezes you!
You feel yourself slow down.
* * * LOW HITPOINT WARNING * * *
The ice beast hits you.
* * * LOW HITPOINT WARNING * * *
The ice beast freezes you.
You feel as though you will be slow longer.
You die...

#####.###########
.........
##....)...
#....?....
#.....)...
#.........
#r........
#Y##+#.... #@# .
#.# #.# .## #.#
... #.# ..# #.#
#.# #.# ##.## #.#
...#
#.############..#


You could see an ice beast and a rat.

Vanquished Creatures
  A hound (D:2)
  An adder (D:3)
  An ooze (D:3)
  3 leopard geckos (D:3)
  6 orcs (D:3)
  3 giant cockroaches
  3 goblins
  A hobgoblin (D:1)
  3 jackals (D:3)
  5 kobolds
  2 ball pythons (D:3)
  5 bats
  3 frilled lizards
  6 rats
43 creatures vanquished.

Vanquished Creatures (others)
  4 plants (D:3)
4 creatures vanquished.

Grand Total: 47 creatures vanquished

Notes
Turn   | Place    | Note
-------+----------+-------------------------------------------
     0 | D:1      | polelong the Draconian Earth Elementalist began the quest
                  | for the Orb.
     0 | D:1      | Reached XP level 1. HP: 14/14 MP: 3/3
   275 | D:1      | Reached XP level 2. HP: 4/20 MP: 0/5
  1266 | D:2      | Learned a level 2 spell: Passwall
  1352 | D:2      | Reached XP level 3. HP: 26/26 MP: 0/6
  1934 | D:3      | Reached XP level 4. HP: 5/33 MP: 3/8
  2141 | D:3      | Found a glowing drain.
  2359 | D:3      | Noticed an ice beast
  2375 | D:3      | Slain by an ice beast

Illustrated notes

Levels and vault maps discovered:
D:1:      eino_arrival_water_star, layout_basic, minmay_cut_off
D:2:      layout_basic
D:3:      cheibrodos_old_hovel, layout_basic, cheibrodos_sewer_entry_drain

Skill      XL: |  1  2  3  4 |
---------------+-------------+-----
Dodging        | 2 |  2.5
Spellcasting   | 3 |  3.0
Throwing       | |  0.3
Stealth        | |  1.9
Transmutations | |  1.0
Earth Magic    | |  3.8

Action                   |  1- 3 |  4- 6 || total
-------------------------+-------+-------++-------
Melee: Unarmed           |    26 |     7 ||    33
       Tailslap          |     1 |     1 ||     2
Throw: Boomerang         |    21 |    12 ||    33
 Cast: Sandblast         |    42 |    13 ||    55
  Use: Scroll            |     1 |       ||     1
Armor: Skin              |    61 |     8 ||    69
Dodge: Dodged            |   118 |    18 ||   136

Table legend: (Time is in decaauts)
 A = Elapsed time spent in this place.
 B = Non-inter-level travel time spent in this place.
 C = Inter-level travel time spent in this place.
 D = Time resting spent in this place.
 E = Time spent auto-exploring this place.
 F = Levels seen in this place.
 G = Mean time per level.
                   A        B        C        D        E       F      G
               +--------+--------+--------+--------+--------+-----+--------+
         Total |   2388 |   2059 |    329 |    395 |   1157 |   3 |  796.0 |
       Dungeon |   2388 |   2059 |    329 |    395 |   1157 |   3 |  796.0 |
               +--------+--------+--------+--------+--------+-----+--------+

Top non-repeatable levels by time:
     D:1: 1003 daAuts
     D:2: 823 daAuts
     D:3: 561 daAuts
